 Dungeon Crawl Stone Soup version 0.31-a0-152-g6aa68a64a1 (webtiles) character file.

Game seed: 5682978901858078534

289 qw the Shooter (level 6, -1/53 HPs)
             Began as a Minotaur Hunter on June 9, 2023.
             Slain by an ice beast (14 damage)
             ... on level 4 of the Dungeon.
             The game lasted 00:00:57 (2223 turns).

qw the Shooter (Minotaur Hunter)                    Turns: 2223, Time: 00:00:57

Health: -1/53      AC:  5    Str: 15    XL:     6   Next: 9%
Magic:  5/5        EV: 11    Int:  6    God:
Gold:   62         SH:  5    Dex: 16    Spells: 5/5 levels left

rFire   . . .        Y - +0 orcbow
rCold   . . .        (shield currently unavailable)
rNeg    . . .        g - +0 ring mail
rPois   .            (helmet restricted)
rElec   .            (no cloak)
rCorr   .            (no gloves)
SInv    .            (no boots)
Will    .....        j - amulet of reflection
Stlth   +            (no ring)
HPRegen 0.28/turn    (no ring)
MPRegen 0.09/turn

%: reflection
@: no status effects
A: horns 2, retaliatory headbutt
a: no special abilities


You were on level 4 of the Dungeon.
You visited 1 branch of the dungeon, and saw 5 of its levels.

You collected 62 gold pieces.


Innate Abilities, Weirdness & Mutations

You have a pair of horns on your head.
You reflexively headbutt those who attack you in melee.


   Skills:
 - Level 4.3 Fighting
 + Level 7.2 Ranged Weapons
 - Level 1.0 Armour
 - Level 2.1 Dodging
 - Level 0.7 Stealth


You had 5 spell levels left.
You didn't know any spells.
Your spell library was empty.

Inventory:

Hand Weapons
 Y - a +0 orcbow (weapon)
Armour
 g - a +0 ring mail (worn)
Jewellery
 h - a ring of positive energy
 j - an amulet of reflection (around neck)
Scrolls
 k - a scroll of identify
Potions
 a - a potion of berserk rage {unknown}
 b - a potion of haste {unknown}
 c - a potion of heal wounds {unknown}
 d - a potion of lignification {unknown}
 e - a potion of mutation {unknown}
 f - a potion of resistance
 i - a potion of curing {unknown}

Dungeon Overview and Level Annotations

Branches:
Dungeon (5/15)
 Temple: D:4-7

Altars:

Shops:
D:5 *


Message History

You shoot an arrow. The arrow barely misses the ice beast.
You shoot an arrow.
The arrow hits the ice beast but does no damage.
The ice beast barely misses you.
You shoot an arrow. The arrow closely misses the ice beast.
The ice beast hits you. The ice beast freezes you!
You shoot an arrow. The arrow closely misses the ice beast.
The ice beast hits you. The ice beast freezes you!
The ice beast hits you but does no damage.
You shoot an arrow. The arrow closely misses the ice beast.
The ice beast hits you but does no damage.
You shoot an arrow. The arrow closely misses the ice beast.
The ice beast hits you. The ice beast freezes you!
You shoot an arrow. The arrow barely misses the ice beast.
The ice beast hits you but does no damage.
You shoot an arrow. The arrow hits the ice beast.
The ice beast is lightly wounded.
You block the ice beast's attack.
You shoot an arrow. The arrow barely misses the ice beast.
You block the ice beast's attack. The ice beast hits you.
The ice beast freezes you.
You shoot an arrow. The arrow barely misses the ice beast.
You block the ice beast's attack.
You shoot an arrow. The arrow hits the ice beast.
The ice beast is lightly wounded.
You block the ice beast's attack.
You shoot an arrow.
The arrow hits the ice beast but does no damage.
The ice beast is lightly wounded.
You block the ice beast's attack.
You shoot an arrow. The arrow hits the ice beast.
The ice beast is moderately wounded.
The ice beast hits you but does no damage.
The ice beast barely misses you.
You shoot an arrow. The arrow closely misses the ice beast.
The ice beast barely misses you. You furiously retaliate!
You headbutt the ice beast. You shoot an arrow.
The arrow barely misses the ice beast.
The ice beast hits you. The ice beast freezes you!
You die...

#########
#........ #.#.#
#........ #.#.#
#........ #.#.#
#######....?...
#.#.#
#......@.......
#.#.#
##.#####Y.......
#.#.# #..#
#........
#.#.###.##
#........
#.......#
#........
#.#.#####
......### #.#.#
......#
#.#.#####
.......
#>).....+


You could see an ice beast.

Vanquished Creatures
  A centaur (D:5)
  An iguana (D:5)
  Natasha (thrice) (D:3)
  3 adders (D:2)
  A worm (D:5)
  A dart slug (D:2)
  9 orcs
  5 ball pythons
  6 bats
  6 endoplasms
  2 giant cockroaches (D:1)
  6 goblins
  5 hobgoblins
  9 jackals
  A quokka (D:2)
  2 frilled lizards (D:1)
  4 kobolds
  9 rats
74 creatures vanquished.

Notes
Turn   | Place    | Note
-------+----------+-------------------------------------------
     0 | D:1      | qw the Minotaur Hunter began the quest for the Orb.
     0 | D:1      | Reached XP level 1. HP: 18/18 MP: 0/0
     0 | D:1      | 0 ||| qw: Version: 0.2-a-121-gba3a3e5
     0 | D:1      | 0 ||| qw: Game counter: 3214
     0 | D:1      | 0 ||| qw: Always use a shield: true
     0 | D:1      | 0 ||| qw: God list: Okawaru
     0 | D:1      | 0 ||| qw: Allow faded altars: false
     0 | D:1      | 0 ||| qw: Do Orc after D:15 true
     0 | D:1      | 0 ||| qw: Do second Lair branch before Depths: true
     0 | D:1      | 0 ||| qw: Lair rune preference: random
     0 | D:1      | 0 ||| qw: Plans: Normal
     0 | D:1      | 0 ||| PLANNING D:1-11
    82 | D:1      | Reached XP level 2. HP: 19/25 MP: 1/1
    83 | D:1      | Reached skill level 5 in Ranged Weapons
   206 | D:1      | Reached skill level 3 in Fighting
   362 | D:1      | Reached XP level 3. HP: 31/31 MP: 2/2
   583 | D:1      | 583 ||| UPGRADING to +0 ring mail.
   593 | D:1      | 593 ||| DROPPING +0 leather armour.
   594 | D:1      | 594 ||| UPGRADING to amulet of reflection.
   599 | D:1      | 599 ||| READING scroll labelled VIHETT UNAAGG.
   600 | D:1      | 600 ||| READING scroll labelled DOIQO KYRIPP.
   601 | D:1      | 601 ||| READING scroll labelled CIWESTR ZEIC.
   655 | D:1      | 655 ||| DRINKING 2 sapphire potions.
   656 | D:1      | 656 ||| DROPPING scroll of butterflies.
   657 | D:1      | 657 ||| DROPPING potion of enlightenment.
   928 | D:2      | Reached skill level 1 in Armour
  1227 | D:2      | Reached XP level 4. HP: 38/38 MP: 3/3
  1455 | D:2      | Reached skill level 6 in Ranged Weapons
  1585 | D:3      | 1585 ||| STAIRDANCE
  1724 | D:3      | Noticed Natasha
  1730 | D:3      | Killed Natasha
  1751 | D:3      | Noticed Natasha
  1761 | D:3      | Killed Natasha
  1762 | D:3      | Reached XP level 5. HP: 42/47 MP: 4/4
  1765 | D:3      | Noticed Natasha
  1771 | D:3      | Killed Natasha
  1858 | D:3      | You fall into a shaft and drop 2 floors!
  1858 | D:5      | Entered Level 5 of the Dungeon
  1868 | D:5      | Found Jiem's Gadget Gallery.
  1931 | D:5      | Noticed a centaur
  1935 | D:5      | Killed a centaur
  1936 | D:5      | Reached skill level 7 in Ranged Weapons
  2014 | D:5      | 2014 ||| SWAPPING to +0 orcbow.
  2024 | D:5      | Reached XP level 6. HP: 32/53 MP: 5/5
  2098 | D:5      | 2098 ||| DROPPING +0 shortbow.
  2114 | D:5      | 2114 ||| READING 2 scrolls labelled COBOTRUHED.
  2207 | D:4      | Noticed an ice beast
  2223 | D:4      | HP: 13/53 [ice beast (3)]
  2223 | D:4      | Slain by an ice beast

Levels and vault maps discovered:
D:1:      zaba_arrival_water, layout_rooms, serial_curves, eino_curves_01,
          eino_curves_01
D:2:      layout_loops_corners, minmay_misc_feat_ornament
D:3:      layout_basic, shapermc_ecumenical_altar_ellora,
          uniq_crazy_yiuf_cottage, uniq_natasha
D:4:      layout_basic, eino_curves_02
D:5:      layout_loops_cross, nicolae_shop_gadgets

Skill      XL: |  1  2  3  4  5 |
---------------+----------------+-----
Ranged Weapons | 5 6 7 |  7.2
Fighting       | 3 4 |  4.3
Armour         | 1 |  1.0
Dodging        | |  2.1
Stealth        | |  0.7

Action                     |  1- 3 |  4- 6 || total
---------------------------+-------+-------++-------
   Fire: Shortbow          |   118 |    84 ||   202
         Orcbow            |       |    45 ||    45
    Use: Scroll            |     3 |     1 ||     4
         Potion            |     1 |       ||     1
 Armour: Leather armour    |     7 |       ||     7
         Ring mail         |     3 |    21 ||    24
  Dodge: Dodged            |    26 |    42 ||    68
  Block: Other             |     7 |    24 ||    31

Table legend:
 A = Non-vault XP
 B = Vault XP
 C = Vault XP percentage of total XP
 D = Non-vault monster count
 E = Vault monster count
 F = Vault count percentage of total count
                 A         B        C        D         E       F
            +---------+---------+-------+---------+---------+-------
      Total |     379 |      35 |   8.5 |      73 |       1 |   1.4
            +---------+---------+-------+---------+---------+-------
        D:1 |      49 |       0 |   0.0 |      30 |       0 |   0.0
        D:2 |      75 |       0 |   0.0 |      22 |       0 |   0.0
        D:3 |      82 |      35 |  29.9 |       8 |       1 |  11.1
        D:4 |      19 |       0 |   0.0 |       7 |       0 |   0.0
        D:5 |     154 |       0 |   0.0 |       6 |       0 |   0.0
            +---------+---------+-------+---------+---------+-------
